AoeStats
← Carple

QS Arena

503658178Analyzed
1v1 RM · 1mo ago on Sep 1, 2026· 45m 47s· 2 players
Game mode
Random Map
Map size
Tiny (2 player)
Population
200
Speed
Normal
Resources
Standard
Victory
Conquest
Starting age
Dark Age
Ending age
Imperial Age
RankedLock teamsTeams togetherTeam positionsShared explorationLock speedFull tech treeHidden civsTurbo modeCheats
Victory
Defeat
🇨🇦 Japanese · Canada
1230
+17
🇨🇿 Bohemians · Czechia
1246
-17
Carple
7:57 Feudal Age
8:28 Double-Bit Axe
8:24 Horse Collar
15:46 Castle Age
14:06 Stone Mining
14:15 Arson
14:31 Gold Mining
15:16 Forging
15:38 Scale Mail Armor
17:14 Squires
17:00 Gambesons
17:30 Bow Saw
17:55 Loom
20:54 Heavy Plow
21:44 Wheelbarrow
23:35 Town Watch
27:05 Iron Casting
27:49 Chain Mail Armor
33:59 Imperial Age
32:43 Hand Cart
33:52 Gold Shaft Mining
33:10 Fletching
33:21 Padded Archer Armor
33:54 Scale Barding Armor
33:33 Elite Skirmisher
34:24 Town Patrol
35:24 Conscription
35:45 Ballistics
36:26 Chemistry
35:25 Bodkin Arrow
35:48 Leather Archer Armor
37:20 Kataparuto
37:06 Bracer
38:38 Elite Samurai
39:54 Pikeman
41:27 Ring Archer Armor
41:57 Blast Furnace
41:28 Plate Mail Armor
41:39 Siege Engineers
42:29 Halberdier
WataruCZ
8:16 Feudal Age
13:28 Castle Age
11:40 Double-Bit Axe
12:23 Horse Collar
17:26 Bow Saw
22:41 Fletching
24:54 Wheelbarrow
24:14 Crossbowman
25:26 Heavy Plow
25:22 Bodkin Arrow
26:41 Padded Archer Armor
31:58 Imperial Age
31:28 Chemistry
32:29 Arbalester
36:50 Bracer
37:53 Padded Archer Armor
38:24 Ballistics
39:30 Forging
39:53 Conscription
40:06 Leather Archer Armor
40:04 Husbandry
40:12 Scale Barding Armor
40:40 Cavalier
42:33 Iron Casting
43:32 Ring Archer Armor
46:17 Chain Barding Armor
45:31 Elite Hussite Wagon
Connection lost

Rejoining the realm…

Still unreachable

The connection could not be restored.

Session expired

The server has moved on; the page needs a fresh start.